AoeStats
← SlightlySaltedCamelCrisps

Arabia

503225196Analyzed
2v2 RM · 1mo ago on Aug 30, 2026· 44m 44s· 4 players
Game mode
Random Map
Map size
Medium (4 player)
Population
200
Speed
Normal
Resources
Standard
Victory
Conquest
Starting age
Dark Age
Ending age
Imperial Age
RankedLock teamsTeams togetherTeam positionsShared explorationLock speedFull tech treeHidden civsTurbo modeCheats
Victory
Defeat
🇦🇹 Magyars · Austria
1296
+14
🇲🇽 Mongols · Mexico
1245
+16
🇩🇪 Vietnamese · Germany
1253
-15
1253
-15
SlightlySaltedCamelCrisps
6:29 Loom
9:16 Feudal Age
9:53 Double-Bit Axe
11:02 Town Watch
13:03 Horse Collar
17:55 Gold Mining
24:11 Castle Age
23:17 Scale Barding Armor
23:24 Forging
23:29 Bloodlines
25:25 Wheelbarrow
24:18 Light Cavalry
25:35 Husbandry
26:52 Chain Barding Armor
30:49 Bow Saw
31:34 Heavy Plow
32:51 Hand Cart
35:20 Stone Mining
39:01 Imperial Age
37:36 Iron Casting
36:52 Fletching
38:24 Ballistics
38:51 Kasbah
39:37 Bodkin Arrow
39:42 Padded Archer Armor
40:05 Masonry
40:28 Conscription
41:00 Plate Barding Armor
40:30 Cavalier
41:57 Bracer
42:13 Leather Archer Armor
42:06 Thumb Ring
43:07 Chemistry
jimima
7:17 Loom
11:26 Feudal Age
12:49 Double-Bit Axe
12:48 Horse Collar
13:15 Gold Mining
15:12 Fletching
24:04 Castle Age
23:39 Padded Archer Armor
23:51 Forging
23:42 Scale Mail Armor
24:29 Crossbowman
25:08 Bodkin Arrow
24:49 Pikeman
26:46 Bow Saw
30:26 Ballistics
33:53 Heavy Plow
36:42 Squires
36:51 Thumb Ring
39:03 Iron Casting
39:24 Chain Mail Armor
40:24 Wheelbarrow
41:36 Hand Cart
46:29 Imperial Age
44:20 Scale Barding Armor
44:19 Husbandry
44:38 Bloodlines
Dingodan
5:14 Loom
9:34 Feudal Age
10:29 Double-Bit Axe
11:05 Horse Collar
14:46 Scale Barding Armor
17:27 Bloodlines
22:12 Castle Age
21:13 Gold Mining
22:59 Husbandry
23:22 Chain Barding Armor
23:22 Bow Saw
26:56 Wheelbarrow
29:15 Heavy Plow
30:08 Town Watch
33:42 Hand Cart
37:09 Stone Mining
39:51 Imperial Age
37:44 Ballistics
37:40 Fletching
39:07 Bodkin Arrow
40:34 Gold Shaft Mining
40:10 Masonry
39:55 Cavalier
41:12 Plate Barding Armor
41:54 Crop Rotation
42:25 Two-Man Saw
42:37 Paladin
45:03 Bracer
Rua
0:28 Loom
9:49 Feudal Age
10:24 Double-Bit Axe
10:46 Horse Collar
15:07 Wheelbarrow
17:28 Gold Mining
18:57 Fletching
19:37 Padded Archer Armor
23:15 Castle Age
23:24 Crossbowman
24:15 Bow Saw
24:06 Heavy Plow
23:58 Stone Mining
24:51 Gold Shaft Mining
25:24 Hand Cart
28:12 Town Watch
29:22 Scale Barding Armor
30:28 Bloodlines
30:45 Forging
30:56 Chain Barding Armor
35:14 Imperial Age
33:31 Bodkin Arrow
34:58 Leather Archer Armor
35:31 Husbandry
35:04 Light Cavalry
36:22 Iron Casting
35:53 Thumb Ring
36:36 Conscription
37:38 Bracer
38:05 Parthian Tactics
37:58 Elite Mangudai
39:01 Drill
38:44 Nomads
40:33 Blast Furnace
40:35 Chemistry
39:56 Ballistics
40:41 Heavy Camel Rider
40:53 Capped Ram
41:47 Siege Ram
42:13 Hussar
Connection lost

Rejoining the realm…

Still unreachable

The connection could not be restored.

Session expired

The server has moved on; the page needs a fresh start.